Map: Berlingrad LE

Players

Warthog - Winner!

  • Race: Terran Terran
  • League: Master
  • Spawn Location: 11:00

MaaajorWood

  • Race: Zerg Zerg
  • League: Master
  • Spawn Location: 5:00

VOD

Have the link to the VOD?

Description

Time

  • Played on: Jan. 4, 2022, 6:46 p.m.
  • Length: 14:54
Show
View Real Time Build Order
Export as new Build Order

Warthog Terran - Winner!

Build Orders: Reaper Expand 

Get SALT Encoding   

  12  0:00  SCV  
  13  0:13  SCV  
  14  0:17  Supply Depot  
  14  0:25  SCV  
  15  0:39  SCV  
  15  0:40  Barracks  
  16  0:44  Refinery  
  16  0:51  SCV  
  17  1:03  SCV  
  18  1:15  SCV  
  19  1:27  Orbital Command  
  19  1:28  Reaper  
  20  1:39  Command Center  
  20  1:49  Supply Depot  
  20  1:54  SCV  
  21  1:59  Marine  
  22  2:08  SCV, Factory  
  23  2:18  Refinery  
  23  2:20  SCV  
  23  2:23  Barracks Reactor  
  23  2:33  Bunker  
  23  2:36  SCV  
  22  2:52  SCV  
  23  3:01  Marine x2  
  23  3:02  Hellion  
  23  3:04  SCV  
  23  3:18  Marine  
  23  3:19  Marine  
  25  3:21  SCV  
  25  3:23  Hellion  
  28  3:28  Orbital Command  
  28  3:41  SCV  
  29  3:44  Barracks Tech Lab  
  29  3:47  Starport  
  29  3:55  SCV x2  
  31  4:00  Hellion  
  33  4:07  SCV x2  
  35  4:12  Hellion  
  37  4:19  SCV  
  37  4:20  SCV  
  37  4:22  Hellion  
  41  4:27  Liberator  
  44  4:31  SCV  
  44  4:35  Supply Depot x2  
  45  4:38  SCV  
  45  4:43  SCV  
  46  4:56  SCV  
  46  4:57  Command Center  
  47  5:00  SCV  
  48  5:07  Hellion  
  48  5:09  SCV  
  48  5:10  Supply Depot  
  51  5:15  SCV  
  51  5:21  SCV  
  53  5:24  Factory x2, Starport Tech Lab  
  53  5:26  Widow Mine  
  53  5:27  SCV  
  56  5:33  SCV, Refinery  
  56  5:34  Refinery  
  57  5:39  SCV  
  58  5:49  SCV  
  59  5:54  Armory  
  59  5:55  Engineering Bay  
  59  5:56  Widow Mine x2  
  63  6:05  SCV x2  
  65  6:12  Orbital Command  
  65  6:17  SCV x2  
  67  6:25  Factory x2  
  67  6:26  Starport Reactor  
  67  6:31  Barracks Tech Lab  
  67  6:32  SCV  
  65  6:34  Widow Mine  
  65  6:36  Missile Turret x2  
  67  6:45  Missile Turret  
  67  6:51  Thor  
  67  6:52  SCV x2  
  75  7:05  SCV  
  75  7:07  Terran Vehicle Weapons Level 1  
  76  7:10  Armory  
  76  7:12  SCV  
  76  7:14  Factory Tech Lab, Factory Reactor  
  77  7:26  SCV  
  77  7:28  Thor  
  84  7:35  SCV  
  85  7:37  Infernal Pre-Igniter  
  85  7:40  Orbital Command  
  85  7:56  Refinery  
  85  8:00  Supply Depot, Refinery, Missile Turret  
  85  8:02  Supply Depot  
  85  8:11  Terran Vehicle And Ship Armor Level 1  
  85  8:22  SCV x3, Hellion x2  
  85  8:23  Siege Tank  
  85  8:24  Widow Mine x2  
  85  8:25  Supply Depot  
  101  8:34  Supply Depot, SCV x2  
  101  8:38  Supply Depot  
  101  8:47  SCV, Siege Tank, Hellion x2  
  109  8:56  Cyclone, SCV, Supply Depot, Hellion x2  
  109  8:58  SCV  
  109  8:59  Thor, SCV  
  121  9:08  SCV  
  122  9:10  SCV  
  122  9:11  Terran Vehicle Weapons Level 2  
  122  9:12  SCV  
  122  9:14  Supply Depot  
  124  9:19  Cyclone  
  124  9:20  Supply Depot, SCV  
  124  9:23  SCV  
  129  9:24  SCV  
  129  9:28  Siege Tank  
  133  9:37  Supply Depot  
  129  9:42  Siege Tank  
  129  9:44  Supply Depot, Hellion x4, Command Center  
  138  9:45  SCV  
  138  9:51  Siege Tank  
  142  10:00  Siege Tank  
  142  10:01  SCV x2  
  147  10:12  Hellion x2  
  147  10:13  Terran Vehicle And Ship Armor Level 2  
  151  10:14  Siege Tank  
  151  10:18  Refinery  
  154  10:22  Refinery  
  154  10:23  Siege Tank  
  154  10:25  Missile Turret  
  157  10:32  Siege Tank  
  157  10:33  Supply Depot  
  157  10:34  Supply Depot  
  160  10:35  Factory  
  160  10:39  Factory  
  158  10:44  Factory  
  158  10:46  Siege Tank  
  161  10:52  Hellion  
  161  10:53  Hellion  
  161  10:55  Hellion x2, Siege Tank  
  161  11:04  Siege Tank  
  161  11:06  Planetary Fortress  
  152  11:18  Siege Tank  
  152  11:24  SCV x2  
  147  11:27  Siege Tank  
  147  11:30  Banshee  
  147  11:31  Factory Tech Lab  
  150  11:36  Hellion x5, Siege Tank  
  163  11:50  Siege Tank  
  166  11:57  Hellion  
  166  11:59  Siege Tank  
  165  12:08  Hellion x5, Siege Tank  
  171  12:19  Hellion  
  167  12:23  Siege Tank  
  170  12:29  Hellion x4, Siege Tank  
  170  12:32  SCV x3  
  170  12:45  Mag-Field Accelerator  
  170  12:47  Factory Tech Lab  
  170  12:49  Banshee  
Show
View Real Time Build Order
Export as new Build Order

MaaajorWood Zerg 

Build Orders: Pool First 

Get SALT Encoding   

  12  0:00  Drone  
  13  0:08  Drone  
  14  0:18  Drone, Extractor  
  14  0:32  Spawning Pool  
  14  0:34  Drone  
  14  0:43  Overlord  
  14  1:02  Drone x3  
  17  1:19  Queen  
  17  1:20  Metabolic Boost  
  17  1:25  Zergling x2  
  20  1:30  Overlord  
  20  1:50  Hatchery  
  20  1:53  Zergling x2  
  20  1:57  Zergling x2  
  21  2:03  Zergling x2  
  22  2:09  Zergling x2  
  23  2:29  Drone x3  
  26  2:30  Queen  
  26  2:31  Overlord  
  24  3:06  Zergling x6  
  26  3:16  Queen, Drone  
  26  3:17  Zergling x2, Drone  
  31  3:21  Drone x2  
  31  3:24  Drone  
  34  3:33  Drone  
  35  3:40  Drone x2  
  37  3:45  Drone  
  38  3:48  Drone  
  38  3:49  Drone x2  
  38  3:54  Drone  
  42  3:55  Drone  
  43  4:05  Lair  
  43  4:06  Overlord  
  43  4:10  Extractor x2  
  43  4:12  Extractor  
  43  4:13  Baneling Nest, Drone x2  
  41  4:20  Drone  
  41  4:21  Drone  
  43  4:30  Drone x3  
  43  4:31  Drone x3  
  48  4:40  Drone x2  
  50  4:50  Drone  
  51  4:53  Drone  
  52  5:03  Baneling x5  
  52  5:04  Baneling, Overlord x2  
  52  5:09  Centrifugal Hooks  
  52  5:16  Spire  
  52  5:18  Zergling x2  
  52  5:22  Queen  
  52  5:23  Zergling x4  
  52  5:25  Drone x2  
  52  5:27  Spore Crawler  
  52  5:28  Drone x2  
  59  5:29  Spore Crawler, Zergling x2  
  59  5:30  Zergling x2  
  60  5:51  Overlord x2  
  60  5:52  Overlord  
  53  6:23  Drone x3  
  52  6:29  Drone  
  52  6:30  Drone x3  
  52  6:31  Drone x2  
  56  6:39  Drone x3  
  59  6:44  Overlord x2  
  59  6:46  Drone  
  60  6:51  Hatchery  
  59  7:04  Drone, Evolution Chamber  
  59  7:05  Evolution Chamber  
  59  7:06  Drone  
  59  7:11  Zergling x2  
  59  7:12  Zergling x8, Hatchery  
  63  7:31  Zerg Ground Armor Level 1, Zerg Melee Weapons Level 1  
  63  7:38  Drone  
  63  7:39  Drone x7  
  71  7:44  Extractor  
  71  7:48  Extractor  
  69  7:51  Overlord x2  
  69  7:54  Zergling x4  
  71  8:02  Drone x4  
  71  8:03  Drone  
  71  8:04  Drone  
  77  8:12  Roach Warren  
  76  8:18  Zergling x2  
  76  8:19  Zergling x8  
  81  8:24  Spine Crawler  
  81  8:26  Zergling x4  
  81  8:27  Zergling x4  
  84  8:32  Baneling x6  
  84  8:33  Baneling x3  
  84  8:34  Zergling x2  
  84  8:35  Zergling x4  
  84  8:40  Queen, Drone  
  90  8:44  Zergling x12  
  90  8:45  Zergling x2  
  96  9:12  Glial Reconstitution  
  96  9:17  Overlord x2  
  96  9:18  Infestation Pit  
  96  9:21  Roach x4  
  96  9:22  Roach x8  
  119  9:25  Zerg Missile Weapons Level 1  
  119  9:28  Pneumatized Carapace  
  119  9:29  Overseer x2  
  119  9:30  Drone x3  
  122  9:31  Drone x2  
  122  9:32  Drone  
  114  9:41  Roach  
  114  9:42  Roach x7  
  114  9:45  Roach x2  
  122  9:48  Zerg Ground Armor Level 2  
  122  9:52  Roach x6  
  136  9:53  Roach  
  136  9:56  Roach x3  
  136  9:59  Roach x2  
  146  10:02  Overlord  
  146  10:06  Roach  
  148  10:09  Roach x2  
  152  10:16  Overlord x2  
  152  10:17  Overlord  
  152  10:20  Hive  
  152  10:29  Drone x6  
  152  10:30  Drone  
  159  10:41  Roach  
  159  10:42  Roach x6  
  172  10:51  Roach x5  
  174  11:08  Roach  
  174  11:10  Overlord x2  
  94  11:28  Roach  
  94  11:29  Roach x13  
  108  11:36  Ultralisk Cavern  
  108  11:37  Roach x2  
  111  11:41  Roach x2  
  115  11:50  Roach x5  
  123  12:04  Roach x7  
  129  12:09  Roach x3  
  129  12:10  Roach x5  
  119  12:20  Roach  
  119  12:21  Roach x2  
Tags
 
Add a new tag
Caveats
  • Supply blocks, unpowered buildings, or Contaminate may cause inaccurate times.
  • Supply counts are checked every 10 seconds.